 Dungeon Crawl Stone Soup version 0.20-a0-876-g2c7b0bf (webtiles) character file.

246 tarabluh the Caller (level 5, 0/45 HPs)
             Began as a Troll Summoner on Mar 16, 2017.
             Slain by ShutUppercut's ghost (1 damage)
             ... on level 4 of the Dungeon.
             The game lasted 00:04:28 (2934 turns).

tarabluh the Caller (Troll Summoner)                Turns: 2934, Time: 00:04:29

Health: 0/45       AC:  5    Str: 16    XL:     5   Next: 84%
Magic:  1/5        EV: 10    Int: 12    God:
Gold:   199        SH:  0    Dex: 10    Spells: 1/6 levels left

rFire    . . .     SeeInvis .   (no weapon)
rCold    . . .     Gourm    +   a - +0 robe
rNeg     . . .     Faith    .   (no shield)
rPois    .         Spirit   .   (helmet restricted)
rElec    .         Reflect  .   (no cloak)
rCorr    .         Harm     .   (gloves unavailable)
MR       .....                  (boots unavailable)
Stlth    +.........             (no amulet)
Regen    0.6/turn               (no ring)
MPRegen  0.1/turn               (no ring)

@: very slightly contaminated
A: unfitting armour, claws 3, fast metabolism 3, gourmand, regeneration 1,
shaggy fur 1, tough skin 2
a: no special abilities


You were on level 4 of the Dungeon.
You were full.

You visited 1 branch of the dungeon, and saw 4 of its levels.

You collected 199 gold pieces.

Inventory:

Missiles
 h - 63 stones (quivered)
 j - 6 tomahawks
Armour
 a - a +0 robe (worn)
Jewellery
 s - an uncursed ring of fire {unknown}
Scrolls
 e - a scroll of random uselessness {unknown}
 g - a scroll of blinking {unknown}
 i - 2 scrolls of remove curse {unknown}
 k - a scroll of magic mapping {unknown}
 n - 2 scrolls of enchant weapon {unknown}
 q - a scroll of amnesia {unknown}
Potions
 d - a potion of invisibility {unknown}
 f - a potion of magic {unknown}
 l - a potion of agility {unknown}
 p - 2 potions of heal wounds {unknown}
 r - a potion of cancellation {unknown}
Books
 b - a book of Callings

   Spells                             Type                      Level
   a - Summon Small Mammal            Summoning                    1
   b - Call Imp                       Summoning                    2
   c - Call Canine Familiar           Summoning                    3
   d - Summon Guardian Golem          Hexes/Summoning              3
   e - Summon Lightning Spire         Summoning/Air                4
   f - Summon Ice Beast               Ice/Summoning                4
Comestibles
 c - 4 bread rations
 m - 3 meat rations
 o - 2 fruits
 t - a royal jelly


   Skills:
 - Level 1.5 Dodging
 - Level 1.0 Stealth
 - Level 1.2 Spellcasting
 + Level 4.8 Summonings
 * Level 2.0 Ice Magic


You had one spell level left.
You knew the following spells:

 Your Spells              Type           Power        Failure   Level  Hunger
a - Summon Small Mammal   Summ           ##..         4%          1    ##.....
b - Summon Ice Beast      Ice/Summ       #.......     78%         4    #####..


Dungeon Overview and Level Annotations

Branches:
Dungeon (4/15)
 Temple: D:4-7

Altars:

Annotations:
D:4 ShutUppercut's ghost, novice SpGl


Innate Abilities, Weirdness & Mutations

You are too large for most types of armour.
You have claws for hands.
Your metabolism is lightning-fast.
You like to eat raw meat.
Your natural rate of healing is unusually fast.
You are covered in fur. (AC +1)
You have very tough skin. (AC +2)


Message History

Your bat misses ShutUppercut's ghost.
Your bat closely misses ShutUppercut's ghost.
Your bat completely misses ShutUppercut's ghost.
ShutUppercut's ghost hits you.
* * * LOW HITPOINT WARNING * * *
x2 Your rat misses ShutUppercut's ghost.
Your bat completely misses ShutUppercut's ghost.
You closely miss ShutUppercut's ghost.
ShutUppercut's ghost is heavily damaged.
Your bat barely misses ShutUppercut's ghost.
Your bat misses ShutUppercut's ghost. Your bat hits ShutUppercut's ghost.
ShutUppercut's ghost hits you.
* * * LOW HITPOINT WARNING * * *
x2 Your rat misses ShutUppercut's ghost.
Your bat misses ShutUppercut's ghost.
Your bat closely misses ShutUppercut's ghost.
Your bat completely misses ShutUppercut's ghost.
Your bat barely misses ShutUppercut's ghost.
ShutUppercut's ghost hits you.
* * * LOW HITPOINT WARNING * * *
You die...

#.# #.# #
#####.#.#
#.......#
##.##.#......
#...#.# ###.#
#r..#..
#W..#.#.
#@bb###.#
#...# # ###.#
... .### .#
.#


You could see ShutUppercut's ghost, 2 friendly bats and a friendly rat.

Vanquished Creatures
  A centaur (D:3)
  Natasha (thrice) (D:3)
  Robin (D:3)
  2 adders
  A worm (D:1)
  A dart slug (D:1)
  2 leopard geckos (D:2)
  8 bats
  3 giant cockroaches
  11 hobgoblins
  2 quokkas
  3 frilled lizards
  15 goblins
  6 kobolds
  3 rats
62 creatures vanquished.

Notes
Turn   | Place    | Note
-------+----------+-------------------------------------------
     0 | D:1      | tarabluh the Troll Summoner began the quest for the Orb.
     0 | D:1      | Reached XP level 1. HP: 16/16 MP: 1/1
     6 | D:1      | Reached skill level 3 in Summonings
   426 | D:1      | Reached XP level 2. HP: 22/24 MP: 2/2
  1079 | D:2      | Reached XP level 3. HP: 28/31 MP: 3/3
  1373 | D:2      | Reached skill level 4 in Summonings
  1548 | D:3      | Noticed a centaur
  1571 | D:3      | Killed a centaur
  1571 | D:3      | Reached XP level 4. HP: 19/39 MP: 1/4
  1622 | D:3      | Learned a level 4 spell: Summon Ice Beast
  2046 | D:3      | Noticed Robin
  2068 | D:3      | Reached XP level 5. HP: 25/45 MP: 5/5
  2083 | D:3      | Killed Robin
  2083 | D:3      | Reached skill level 1 in Ice Magic
  2356 | D:3      | Noticed Natasha
  2374 | D:3      | Killed Natasha
  2558 | D:3      | Noticed Natasha
  2576 | D:3      | Killed Natasha
  2870 | D:3      | Noticed Natasha
  2885 | D:3      | Killed Natasha
  2905 | D:4      | Noticed ShutUppercut's ghost (novice SpGl)
  2933 | D:4      | HP: 2/45 [ShutUppercut's ghost (1)]
  2934 | D:4      | Slain by ShutUppercut's ghost

Vault maps used:
D:1:      dpeg_arrival_tiny_h, minmay_misc_feat_columns
D:3:      first_bread, uniq_robin, uniq_natasha

Skill      XL: |  1  2  3  4  5 |
---------------+----------------+-----
Summonings     | 3 4 |  4.8
Ice Magic      | 2 |  2.0
Dodging        | |  1.5
Stealth        | |  1.0
Spellcasting   | |  1.2

Action                   |  1- 3 |  4- 6 || total
-------------------------+-------+-------++-------
Melee: Unarmed           |   119 |   127 ||   246
 Cast: Summon Small Mamm |     3 |     3 ||     6
 Stab: Sleeping          |     3 |     1 ||     4
  Eat: Chunk             |    19 |    11 ||    30
Armor: Robe              |    47 |    38 ||    85
Dodge: Dodged            |    68 |    50 ||   118
